 Dungeon Crawl Stone Soup version 0.29.1-15-g9cfb28693d (webtiles) character file.

Game seed: 10194361235018242575

119090 protoss039 the Fighter (level 16, -3/133 HPs)
             Began as a Demonspawn Earth Elementalist on Apr 1, 2023.
             Was a High Priest of Vehumet.
             Slain by an alligator snapping turtle (34 damage)
             ... on level 3 of the Shoals.
             The game lasted 01:26:12 (37575 turns).

protoss039 the Fighter (DsEE)                      Turns: 37575, Time: 01:26:13

Health: -3/133     AC: 16    Str:  8    XL:     16   Next: 27%
Magic:  0/39       EV: 13    Int: 24    God:    Vehumet [*****.]
Gold:   2498       SH: 12    Dex: 18    Spells: 5/35 levels left

rFire   + + .      SeeInvis .   N - +9 dagger (venom)
rCold   . . .      Faith    .   U - +0 kite shield
rNeg    + . .      Spirit   +   K - +0 robe {Will+}
rPois   +          Reflect  .   E - +2 hat
rElec   .          Harm     .   X - +1 cloak
rCorr   .          Rampage  .   B - +2 pair of gloves
Will    ++...                   l - +1 pair of boots
Stlth   +++.......              H - amulet "Beuc" {Spirit Fly rF+ Str-2 Dex+5}
HPRegen 0.32/turn               V - ring of Fuesiq {rF+ rN+ MP+9}
MPRegen 0.26/turn               v - ring of poison resistance

@: flying, studying Fighting
A: slimy green scales 2, ignite blood 1, powered by death 3, weakness stinger 1
a: Renounce Religion


You were on level 3 of the Shoals.
You worshipped Vehumet.
Vehumet was extremely pleased with you.
You visited 5 branches of the dungeon, and saw 27 of its levels.
You also visited: Sewer.

You collected 4583 gold pieces.
You spent 2085 gold pieces at shops.

Inventory:

Hand Weapons
 e - the +9 falchion "Toteb" {vorpal, Will+ rCorr Stlth+}
   (You found it on level 1 of the Lair of Beasts)

   It inflicts extra damage upon your enemies.
   rCorr:     It protects you from acid and corrosion.
   Will:      It increases your willpower.
   Stlth:     It makes you more stealthy.
 g - the +9 trident of Laceration {freeze, rElec}
   (You found it on level 5 of the Lair of Beasts)

   It freezes those it strikes, dealing additional cold damage.
   It can also slow down cold-blooded creatures.
   rElec:     It insulates you from electricity.
 h - the +7 hand axe of Disembowelment {drain, rPois rF+ Dex+4 Stlth-}
   (You found it on level 1 of the Shoals)

   A truly terrible weapon, it drains the life of any living foe it strikes.
   Dex:       It affects your dexterity (+4).
   rF:        It protects you from fire.
   rPois:     It protects you from poison.
   Stlth:     It makes you less stealthy.
 s - the +9 war axe of Loux {flame, Int+2}
   (You bought it in a shop on level 2 of the Orcish Mines)

   It burns those it strikes, dealing additional fire damage.
   Big, fiery blades are also staple armaments of hydra-hunters.
   Int:       It affects your intelligence (+2).
 y - the +8 long sword of Strategic Superiority {freeze, rCorr Int-5 Dex+8 SInv}
   (You bought it in a shop on level 1 of the Orcish Mines)

   It freezes those it strikes, dealing additional cold damage.
   It can also slow down cold-blooded creatures.
   Int:       It affects your intelligence (-5).
   Dex:       It affects your dexterity (+8).
   SInv:      It lets you see invisible.
   rCorr:     It protects you from acid and corrosion.
 N - a +9 dagger of venom (weapon)
 O - the +10 rapier of the Sharp God {elec, *Noise Int+9 Dex-2 SInv}
   (You bought it in a shop on level 2 of the Orcish Mines)

   It occasionally discharges a powerful burst of electricity upon striking a
   foe.
   Int:       It affects your intelligence (+9).
   Dex:       It affects your dexterity (-2).
   SInv:      It lets you see invisible.
   *Noise:    It may make noises in combat.
Armour
 d - +0 acid dragon scales
 i - a +3 leather armour of cold resistance
 l - a +1 pair of boots (worn)
 B - a +2 pair of gloves (worn)
 E - a +2 hat (worn)
 K - a +0 robe of willpower (worn)
 S - a +2 leather armour of fire resistance
 U - a +0 kite shield (worn)
 X - a +1 cloak (worn)
Jewellery
 v - a ring of poison resistance (right hand)
 H - the amulet "Beuc" (around neck) {Spirit Fly rF+ Str-2 Dex+5}
   (You found it on level 14 of the Dungeon)

   [amulet of guardian spirit]

   It causes incoming damage to be divided between your reserves of health and
   magic.
   Str:       It affects your strength (-2).
   Dex:       It affects your dexterity (+5).
   rF:        It protects you from fire.
   Fly:       It grants you flight.
 I - a ring of fire
 T - an amulet of magic regeneration
 V - the ring of Fuesiq (left hand) {rF+ rN+ MP+9}
   (You acquired it on level 10 of the Dungeon)

   [ring of magical power]

   rF:        It protects you from fire.
   rN:        It protects you from negative energy.
   MP:        It affects your magic capacity (+9).
 Y - a +6 ring of strength
Wands
 r - a wand of quicksilver (5)
 F - a wand of digging (14)
 J - a wand of roots (6)
 W - a wand of mindburst (6)
Scrolls
 j - 3 scrolls of butterflies
 k - 2 scrolls of poison
 p - 8 scrolls of fear
 t - 7 scrolls of magic mapping
 u - 3 scrolls of enchant armour
 x - 2 scrolls of brand weapon {unknown}
 C - 6 scrolls of amnesia
 D - 7 scrolls of blinking
 L - 2 scrolls of immolation {unknown}
 Q - a scroll of silence {unknown}
 R - 2 scrolls of summoning
 Z - 2 scrolls of teleportation
Potions
 a - 7 potions of flight
 b - a potion of magic
 c - 10 potions of curing
 f - 6 potions of lignification
 m - 3 potions of heal wounds
 n - 7 potions of brilliance
 o - 5 potions of invisibility
 q - 5 potions of might
 w - a potion of cancellation
 z - 5 potions of haste
 A - 5 potions of ambrosia
 G - 7 potions of mutation
 M - 2 potions of resistance
Miscellaneous
 P - a condenser vane


   Skills:
 + Level 14.2 Fighting
 + Level 9.3 Armour
 * Level 4.8 Dodging
 * Level 5.0 Stealth
 + Level 9.1 Shields
 + Level 10.1 Spellcasting
 * Level 12.9 Conjurations
 * Level 4.0 Necromancy
 - Level 3.0 Translocations
 - Level 3.0 Transmutations
 - Level 3.0 Fire Magic
 - Level 3.0 Ice Magic
 - Level 3.0 Air Magic
 + Level 10.2 Earth Magic
 - Level 3.0 Poison Magic
 - Level 3.0 Evocations


You had 5 spell levels left.
You knew the following spells:

 Your Spells              Type           Power      Damage    Failure   Level
a - Sandblast             Erth           100%       2d20      1%          1
b - Passwall              Tmut/Erth      36%        N/A       1%          2
c - Stone Arrow           Conj/Erth      100%       3d13      1%          3
d - Iskenderun's Mystic   Conj/Tloc      50%        2d11      1%          4
e - Olgreb's Toxic Radia  Pois           26%        N/A       10%         4
f - Ignite Poison         Fire/Tmut/Pois 26%        N/A       3%          3
g - Mephitic Cloud        Conj/Pois/Air  42%        N/A       1%          3
h - Freezing Cloud        Conj/Ice/Air   21%        6-21      7%          5
i - Borgnjor's Vile Clut  Necr/Erth      23%        N/A       19%         5

Your spell library contained the following spells:

 Spells                   Type           Power      Damage    Failure   Level
 Starburst                Conj/Fire      25%        6d8       17%         6
 Shock                    Conj/Air       100%       1d9       1%          1
 Iskenderun's Battlesphe  Conj           65%        2d11      1%          5
 Lee's Rapid Deconstruct  Erth           28%        3d16*     1%          5
 Fulminant Prism          Conj/Hex       21%        3d13      2%          4
 Fireball                 Conj/Fire      25%        3d11      3%          5
 Blink                    Tloc           52%        N/A       5%          2
 Inner Flame              Hex/Fire       19%        N/A       5%          3
 Petrify                  Tmut/Erth      44%        N/A       8%          4
 Airstrike                Air            13%        2d(2-18)  10%         4
 Gell's Gravitas          Tloc           26%        N/A       11%         3
 Lesser Beckoning         Tloc           26%        N/A       11%         3
 Swiftness                Air            26%        N/A       11%         3
 Teleport Other           Tloc           26%        N/A       11%         3
 Dispel Undead            Necr           31%        3d14      22%         4
 Corpse Rot               Necr/Pois/Air  28%        N/A       30%         4
 Alistair's Intoxication  Tmut/Pois      17%        N/A       69%         5
 Manifold Assault         Tloc           26%        N/A       69%         5
 Cause Fear               Hex            6%         N/A       77%         4
 Orb of Destruction       Conj           32%        9d10      13%         7
 Conjure Ball Lightning   Conj/Air       25%        3x3d7     17%         6
 Eringya's Noxious Bog    Tmut/Pois      13%        N/A       77%         6
 Death Channel            Necr           15%        N/A       98%         6
 Ozocubu's Refrigeration  Ice            13%        4d10      99%         7
 Discord                  Hex            6%         N/A       100%        8


Dungeon Overview and Level Annotations

Branches:
Dungeon (15/15) Zot: 24911  Temple (1/1) D:7 Zot: 5832    Lair (5/5) D:10 Zot: 22075
 Shoals (4/4) Lair:2 Zot: 17290  Spider (0/4) Lair:3        Slime (0/5) Lair:5
    Orc (2/2) D:9 Zot: 9869     Elf (0/3) Orc:2        Vaults (0/5) D:13
 Depths (0/4) D:15          Sewer (visited)

Altars:
Ashenzari
Cheibriados
Dithmenos
Fedhas
Gozag
Hepliaklqana
Kikubaaqudgha
Makhleb
Nemelex Xobeh
Okawaru
Qazlal
Ru
Sif Muna
Trog
Uskayaw
Vehumet
Wu Jian
Xom
Yredelemnul
Jiyva

Shops:
D:4 !   D:15 =   Orc:1 (   Orc:2 =([*

Annotations:
Orc:2 2 transporters, Zeebu's ghost, journeyman MiFi


Innate Abilities, Weirdness & Mutations

You are mostly covered in slimy green scales. (AC +3)
Your demonic aura sometimes causes spilled blood to erupt in flames.
You regenerate a lot of health from kills.
You have a small tail.


Message History

Aim: an alligator snapping turtle (heavily wounded, extremely poisoned, 100% to hit)
The stone arrow hits the alligator snapping turtle!
The alligator snapping turtle is heavily wounded.
The alligator snapping turtle bites you!!!
Casting: Stone Arrow (safe; 1% risk of failure)
Confirm with . or Enter, or press ? or * to list all spells.
You don't have enough magic to cast this spell.
Unknown command.
Unknown command.
A nearby plant withers and dies.
The alligator snapping turtle is engulfed in blazing flames.
Casting: Stone Arrow (safe; 1% risk of failure)
Confirm with . or Enter, or press ? or * to list all spells.
You don't have enough magic to cast this spell.
Okay, then.
Casting: Stone Arrow (safe; 1% risk of failure)
Confirm with . or Enter, or press ? or * to list all spells.
You don't have enough magic to cast this spell.
Unknown command.
Unknown command.
Casting: Stone Arrow (safe; 1% risk of failure)
Confirm with . or Enter, or press ? or * to list all spells.
Aiming: Mephitic Cloud (safe; 1% risk of failure)
Press: ? - help, Shift-Dir - straight line, f/p - alligator snapping turtle
Aim: an alligator snapping turtle (severely wounded, very poisoned, chance to affect: 24%)
The ball explodes into a vile cloud!
The stinking cloud engulfs the alligator snapping turtle but does no damage.
The alligator snapping turtle is severely wounded.
The alligator snapping turtle is engulfed in noxious fumes.
Unknown command.
Unknown command.
The alligator snapping turtle is engulfed in noxious fumes.
The alligator snapping turtle bites you!!
* * * LOW HITPOINT WARNING * * *
Unknown command.
You hit the alligator snapping turtle.
The alligator snapping turtle is severely wounded.
The alligator snapping turtle is engulfed in noxious fumes.
The alligator snapping turtle bites you!!
You die...

≈≈≈≈≈≈≈≈~.~~~....~~~~..........(.
≈≈≈≈≈≈≈≈~.~~.......~P~P.....P.)##
≈≈≈≈≈≈≈≈~~~~..(.....~P~P...P...##
≈≈≈≈≈≈≈≈~~.~..~...~~~~~~........#
≈≈≈≈≈≈≈≈~~..~.....~~≈≈≈~~.......#
≈≈≈≈≈~~~~~.......P.~~≈≈≈~........
≈≈≈≈~~~.~~..~.......~≈≈≈~~~~~....
≈≈≈≈≈~~~~....##..~~~~≈≈≈≈≈≈≈~~~~~
≈≈≈≈≈~~~~.....##@~~~≈≈≈≈≈≈≈≈≈≈≈≈≈
≈≈≈≈≈~~~~~~...§t.~.~≈≈≈≈≈≈≈≈≈≈≈≈≈
≈≈≈≈≈~~~~~~~.°☼☼.P.~~~≈≈≈≈≈≈≈≈≈≈≈
≈≈≈≈~~~~~~~~.☼##...~.~≈≈≈≈≈≈≈≈≈≈≈
≈≈≈≈≈~~~~~~~...##..P.~~≈≈≈≈≈≈≈≈≈≈
≈≈≈≈≈≈~~~~~P.........)~≈≈≈≈≈≈≈≈≈≈
≈≈≈≈≈≈≈~~~~.....>.P~..~≈≈≈≈≈≈≈≈≈≈
≈≈≈≈≈≈≈≈≈~~P......~~~~~≈≈≈≈≈≈≈≈≈≈
≈≈≈≈≈≈≈≈≈≈~~~~~~~~~~~≈≈≈≈≈≈≈≈≈≈≈≈


You could see an alligator snapping turtle (very poisoned).

Vanquished Creatures
  A titan (Shoals:3)
  Polyphemus (Shoals:3)
  2 krakens
  Gastronok (D:12)
  Donald (Shoals:3)
  2 frost giants (Shoals:3)
  Louise (Shoals:2)
  An orc warlord (Orc:2)
  4 merfolk impalers (Shoals:3)
  An ettin (D:15)
  2 merfolk javelineers (Shoals:3)
  9 hydras
  2 merfolk avatars
  2 centaur warriors (D:14)
  3 boulder beetles
  2 catoblepae
  2 two-headed ogres
  5 merfolk aquamancers
  2 alligator snapping turtles
  A satyr (Shoals:3)
  An orc high priest (Orc:2)
  A tengu warrior (D:15)
  3 death yaks (Shoals:3)
  Nergalle (Orc:2)
  A fire crab (shapeshifter) (D:13)
  A deep troll (D:15)
  5 sea snakes
  An orb spider (Lair:3)
  2 lindwurms (Lair:4)
  A necromancer (D:15)
  A wizard (D:15)
  4 orc knights
  A mana viper (shapeshifter) (D:12)
  A deep elf pyromancer (D:15)
  An oklob plant (Lair:4)
  6 harpies
  15 manticores
  4 orc sorcerers
  3 fauns (Shoals:3)
  An ugly thing (D:13)
  5 cyclopes
  Maurice (D:12)
  7 merfolk sirens
  4 black mambas
  14 elephants
  A gargoyle (D:11)
  2 water nymphs
  14 cane toads
  2 torpor snails (Lair:2)
  An unseen horror (D:8)
  6 rime drakes
  Psyche (D:12)
  An efreet (D:12)
  A yaktaur (shapeshifter) (D:14)
  12 komodo dragons
  19 merfolk
  7 trolls
  6 polar bears
  3 meliai (D:13)
  8 wind drakes
  A hornet (Lair:5)
  A raiju (shapeshifter) (D:12)
  19 slime creatures
  8 dream sheep
  Prince Ribbit (D:5)
  22 blink frogs
  10 snapping turtles
  3 shadows
  Sigmund (D:5)
  28 yaks
  13 water elementals
  3 wraiths
  A vampire (D:8)
  9 wyverns
  7 basilisks
  A hog (shapeshifter) (D:8)
  Eustachio (D:5)
  2 vampire mosquitoes (D:13)
  5 steam dragons
  7 wargs
  3 acid dragons
  Duvessa (D:4)
  15 water moccasins
  Pargi (Sewer)
  25 orc warriors
  An ice beast (D:7)
  A black bear (Lair:1)
  2 sky beasts (D:7)
  3 ogres
  12 wolves
  2 boggarts (D:14)
  3 centaurs
  A phantom (D:7)
  A kobold brigand (D:8)
  Blork the orc (D:5)
  8 bullfrogs
  A gnoll sergeant (D:11)
  4 wights (D:8)
  Dowan (D:4)
  4 killer bees
  4 howler monkeys
  5 electric eels (Lair:5)
  15 orc priests
  7 hounds
  Crazy Yiuf (D:6)
  2 gnoll boudas
  6 jellies
  Ijyb (D:3)
  4 iguanas
  20 orc wizards
  Natasha (thrice) (D:4)
  12 hell rats
  13 gnolls
  9 adders
  2 white imps
  4 worms
  3 dart slugs
  67 orcs
  7 ball pythons
  2 bats
  7 endoplasms
  3 giant cockroaches
  4 goblins
  12 hobgoblins
  6 jackals
  8 kobolds
  3 quokkas
  2 frilled lizards (D:1)
  5 rats
  6 tentacles
  A toadstool (D:1)
691 creatures vanquished.

Vanquished Creatures (others)
  A death yak (Shoals:3)
  A troll (D:13)
  2 slime creatures (D:13)
  A vampire mosquito (D:13)
  An orc (D:8)
  17 fungi
  219 plants
  3 tentacles (Shoals:2)
  4 toadstools (D:1)
249 creatures vanquished.

Grand Total: 940 creatures vanquished

Notes
Turn   | Place    | Note
-------+----------+-------------------------------------------
     0 | D:1      | protoss039 the Demonspawn Earth Elementalist began the
                  | quest for the Orb.
     0 | D:1      | Reached XP level 1. HP: 13/13 MP: 3/3
   266 | D:1      | Gained mutation: You regenerate a little health from kills.
                  | [demonic ancestry]
   266 | D:1      | Reached XP level 2. HP: 20/20 MP: 0/5
   340 | D:1      | Reached skill level 1 in Fighting
   387 | D:1      | Learned a level 2 spell: Passwall
   622 | D:1      | Found a faded altar of an unknown god.
  1062 | D:2      | Reached XP level 3. HP: 26/26 MP: 2/6
  1565 | D:3      | Learned a level 3 spell: Stone Arrow
  1603 | D:3      | Reached skill level 2 in Fighting
  1603 | D:3      | Gained mutation: You are partially covered in slimy green
                  | scales. (AC +2) [demonic ancestry]
  1603 | D:3      | Reached XP level 4. HP: 33/33 MP: 3/8
  1604 | D:3      | Found a blossoming altar of Fedhas.
  1768 | D:3      | Found a broken altar of Ashenzari.
  1837 | D:3      | Found a burning altar of Makhleb.
  1938 | D:3      | Found an opulent altar of Gozag.
  1943 | D:3      | Noticed Ijyb
  1948 | D:3      | Killed Ijyb
  1949 | D:3      | Reached skill level 1 in Armour
  2081 | D:3      | Reached XP level 5. HP: 39/39 MP: 3/9
  2090 | D:3      | Found a glowing drain.
  2147 | Sewer    | Entered a sewer
  2233 | Sewer    | Noticed Pargi
  2244 | Sewer    | Killed Pargi
  2396 | D:3      | Found a hazy altar of Hepliaklqana.
  2621 | D:3      | Found a hide-covered altar of Uskayaw.
  2747 | D:4      | Reached XP level 6. HP: 29/46 MP: 3/11
  2947 | D:4      | Noticed Natasha
  2952 | D:4      | Killed Natasha
  2953 | D:4      | Reached skill level 3 in Fighting
  2977 | D:4      | Noticed Natasha
  2981 | D:4      | Killed Natasha
  3336 | D:4      | Found Fujus's Distillery.
  3351 | D:4      | Bought 2 potions of curing for 66 gold pieces
  3351 | D:4      | Bought a potion of might for 44 gold pieces
  3351 | D:4      | Bought a potion of curing for 33 gold pieces
  3410 | D:4      | Noticed Duvessa
  3411 | D:4      | Noticed Dowan
  3575 | D:4      | Gained mutation: You have a small tail. [demonic ancestry]
  3575 | D:4      | Reached XP level 7. HP: 52/52 MP: 9/13
  3778 | D:4      | Killed Duvessa
  3783 | D:4      | Killed Dowan
  3784 | D:4      | Reached skill level 4 in Fighting
  4126 | D:4      | Noticed Natasha
  4131 | D:4      | Killed Natasha
  4204 | D:5      | Entered Level 5 of the Dungeon
  4381 | D:5      | Noticed Prince Ribbit
  4387 | D:5      | Killed Prince Ribbit
  4388 | D:5      | Reached skill level 5 in Earth Magic
  4388 | D:5      | Gained mutation: You regenerate health from kills. [demonic
                  | ancestry]
  4388 | D:5      | Reached XP level 8. HP: 59/61 MP: 5/15
  4527 | D:5      | Noticed Eustachio
  4534 | D:5      | Killed Eustachio
  4543 | D:5      | Reached skill level 5 in Spellcasting
  4737 | D:5      | Reached skill level 5 in Fighting
  4948 | D:5      | Noticed Sigmund
  4954 | D:5      | Killed Sigmund
  5049 | D:5      | Noticed Blork the orc
  5053 | D:5      | Killed Blork the orc
  5950 | D:6      | Found a runed translucent door.
  5951 | D:6      | Noticed Crazy Yiuf
  6317 | D:6      | Killed Crazy Yiuf
  6941 | D:7      | Reached skill level 1 in Shields
  6941 | D:7      | Reached skill level 1 in Conjurations
  6941 | D:7      | Gained mutation: You regenerate a lot of health from kills.
                  | [demonic ancestry]
  6941 | D:7      | Reached XP level 9. HP: 16/69 MP: 13/17
  7221 | D:7      | Found a staircase to the Ecumenical Temple.
  7278 | Temple   | Entered the Ecumenical Temple
  7436 | Temple   | Became a worshipper of Vehumet
  7933 | D:7      | Found a shimmering blue altar of Sif Muna.
  8182 | D:7      | Reached skill level 6 in Fighting
  8328 | D:7      | Found a basalt altar of Yredelemnul.
  8417 | D:8      | Noticed a troll
  8424 | D:8      | Killed a troll
  8802 | D:8      | Found a snail-covered altar of Cheibriados.
  8924 | D:8      | Reached skill level 5 in Armour
  9251 | D:8      | Reached * piety under Vehumet
  9251 | D:8      | Offered knowledge of Foxfire by Vehumet.
  9501 | D:8      | Killed an unseen horror
  9904 | D:8      | Noticed a troll
  9909 | D:8      | Killed a troll
  9910 | D:8      | Reached XP level 10. HP: 52/77 MP: 9/19
 10137 | D:8      | Noticed a seven-headed hydra
 10141 | D:8      | Noticed a cyclops
 10142 | D:8      | Reached skill level 7 in Fighting
 10204 | D:8      | Noticed a boulder beetle
 10229 | D:8      | Killed a cyclops
 10273 | D:8      | Killed a boulder beetle
 10432 | D:8      | Killed a seven-headed hydra
 10433 | D:8      | Reached skill level 5 in Conjurations
 10782 | D:8      | Learned a level 4 spell: Iskenderun's Mystic Blast
 10877 | D:9      | Reached skill level 1 in Transmutations
 11140 | D:9      | Found a staircase to the Orcish Mines.
 11163 | D:9      | Reached ** piety under Vehumet
 11207 | D:9      | Offered knowledge of Static Discharge by Vehumet.
 11217 | D:9      | Reached skill level 1 in Translocations
 11468 | D:9      | Found a bloodstained altar of Trog.
 12045 | D:10     | Entered Level 10 of the Dungeon
 12197 | D:10     | Found an ornate altar of the Wu Jian Council.
 12432 | D:10     | Found a shadowy altar of Dithmenos.
 12443 | D:10     | Reached skill level 8 in Fighting
 12443 | D:10     | Reached XP level 11. HP: 48/86 MP: 0/20
 12829 | D:10     | Reached skill level 5 in Shields
 12943 | D:10     | Found a staircase to the Lair.
 13224 | D:10     | Found an opulent altar of Gozag.
 13226 | D:10     | Found a shimmering altar of Xom.
 13226 | D:10     | Found an opulent altar of Gozag.
 13228 | D:10     | Found an opulent altar of Gozag.
 13228 | D:10     | Found a basalt altar of Yredelemnul.
 13228 | D:10     | Found a hazy altar of Hepliaklqana.
 13410 | D:10     | Identified 4 scrolls of acquirement
 13412 | D:10     | Acquired a book of the Spheres
 13414 | D:10     | Acquired 1061 gold pieces
 13416 | D:10     | Acquired the ring of Fuesiq {rF+ rN+ MP+9}
 13418 | D:10     | Acquired 1021 gold pieces
 13965 | D:11     | Noticed a two-headed ogre
 13974 | D:11     | Killed a two-headed ogre
 13975 | D:11     | Reached skill level 1 in Evocations
 14559 | D:12     | Noticed a two-headed ogre
 14569 | D:12     | Killed a two-headed ogre
 14636 | D:12     | Offered knowledge of Poisonous Vapours by Vehumet.
 14872 | D:12     | Found a broken altar of Ashenzari.
 14950 | D:12     | Noticed Psyche
 14953 | D:12     | Killed Psyche
 15135 | D:12     | Noticed Maurice
 15144 | D:12     | Killed Maurice
 15240 | D:12     | Reached skill level 9 in Fighting
 15290 | D:12     | Noticed Gastronok
 15294 | D:12     | Reached *** piety under Vehumet
 15307 | D:12     | Killed Gastronok
 15308 | D:12     | Reached XP level 12. HP: 95/95 MP: 5/22
 15457 | D:12     | Got the Vellum of Rank Air
 15541 | D:12     | Learned a level 3 spell: Mephitic Cloud
 16607 | D:13     | Reached skill level 1 in Poison Magic
 16620 | D:13     | Reached skill level 1 in Air Magic
 17265 | D:12     | Offered knowledge of Olgreb's Toxic Radiance by Vehumet.
 17388 | D:13     | Learned a level 4 spell: Olgreb's Toxic Radiance
 17458 | D:13     | Found a gate to the Vaults.
 17883 | D:14     | Noticed a boulder beetle
 17898 | D:14     | Killed a boulder beetle
 17899 | D:14     | Reached skill level 10 in Fighting
 18063 | D:14     | Noticed a centaur warrior
 18070 | D:14     | Killed a centaur warrior
 18170 | D:14     | Identified the amulet "Beuc" {Spirit Fly rF+ Str-2 Dex+5}
 18178 | D:14     | Noticed a centaur warrior
 18185 | D:14     | Killed a centaur warrior
 18502 | D:14     | Noticed a centaur warrior
 18822 | D:15     | Entered Level 15 of the Dungeon
 18853 | D:15     | Noticed a seven-headed hydra
 18860 | D:15     | Found Olluaq's Jewellery Shop.
 19272 | D:15     | Killed a seven-headed hydra
 19391 | D:15     | Noticed an ettin
 19409 | D:15     | Killed an ettin
 19409 | D:15     | Reached **** piety under Vehumet
 19410 | D:15     | Gained mutation: Your demonic aura sometimes causes spilled
                  | blood to erupt in flames. [demonic ancestry]
 19410 | D:15     | Reached XP level 13. HP: 7/104 MP: 0/25
 19623 | D:15     | Identified the +6 plate armour of Moral Flaws {rPois Will-
                  | Str+8}
 19630 | D:15     | Found a staircase to the Depths.
 19834 | D:15     | Learned a level 5 spell: Freezing Cloud
 20091 | D:15     | Identified the +5 ice dragon scales "Fobbehit" {Rampage
                  | rPois rF- rC++ Str+4}
 20174 | D:15     | Found a viscous altar of Jiyva.
 20715 | Lair:1   | Entered Level 1 of the Lair of Beasts
 20915 | Lair:1   | Identified the +9 falchion "Toteb" {vorpal, Will+ rCorr
                  | Stlth+}
 21120 | Lair:1   | Reached skill level 1 in Ice Magic
 21124 | Lair:1   | Offered knowledge of Dazzling Flash by Vehumet.
 22612 | Lair:2   | Reached skill level 11 in Fighting
 22779 | Lair:2   | Found a staircase to the Shoals.
 23769 | Lair:3   | Reached ***** piety under Vehumet
 23770 | Lair:3   | Offered knowledge of Eringya's Noxious Bog by Vehumet.
 23771 | Lair:3   | Reached skill level 10 in Conjurations
 24293 | Lair:3   | Found a hole to the Spider Nest.
 24398 | Lair:3   | Reached XP level 14. HP: 113/113 MP: 26/26
 25849 | Lair:5   | Entered Level 5 of the Lair of Beasts
 25858 | Lair:5   | Reached skill level 12 in Fighting
 25860 | Lair:5   | Offered knowledge of Ozocubu's Refrigeration by Vehumet.
 28085 | Lair:5   | Found a staircase to the Slime Pits.
 28350 | Lair:5   | Identified the +9 trident of Laceration {freeze, rElec}
 28378 | Lair:5   | Learned a level 7 spell: Ozocubu's Refrigeration
 28662 | Orc:1    | Entered Level 1 of the Orcish Mines
 28670 | Orc:1    | Found Kuocirit's Antique Weapon Shop.
 29015 | Orc:1    | Bought an ancient long sword for 178 gold pieces
 29015 | Orc:1    | Identified the +8 long sword of Strategic Superiority
                  | {freeze, rCorr Int-5 Dex+8 SInv} (You bought it in a shop
                  | on level 1 of the Orcish Mines)
 29299 | Orc:2    | Entered Level 2 of the Orcish Mines
 29333 | Orc:2    | Found a staircase to the Elven Halls.
 29470 | Orc:2    | Noticed Nergalle
 29473 | Orc:2    | Gained mutation: You are mostly covered in slimy green
                  | scales. (AC +3) [demonic ancestry]
 29473 | Orc:2    | Reached XP level 15. HP: 122/122 MP: 14/28
 29473 | Orc:2    | Noticed an orc warlord
 29478 | Orc:2    | Killed Nergalle
 29490 | Orc:2    | Offered knowledge of Starburst by Vehumet.
 29496 | Orc:2    | Killed an orc warlord
 29497 | Orc:2    | Reached skill level 13 in Fighting
 30145 | Orc:2    | Found Teuska's Antique Weapon Boutique.
 30189 | Orc:2    | Bought an ivory rapier for 333 gold pieces
 30189 | Orc:2    | Identified the +10 rapier of the Sharp God {elec, *Noise
                  | Int+9 Dex-2 SInv} (You bought it in a shop on level 2 of
                  | the Orcish Mines)
 30189 | Orc:2    | Bought an ichor-stained war axe for 314 gold pieces
 30189 | Orc:2    | Identified the +9 war axe of Loux {flame, Int+2} (You
                  | bought it in a shop on level 2 of the Orcish Mines)
 30189 | Orc:2    | Bought a crude broad axe for 333 gold pieces
 30189 | Orc:2    | Identified the +3 broad axe of Weorivex {antimagic,
                  | *Corrode rElec rF- rN+++} (You bought it in a shop on level
                  | 2 of the Orcish Mines)
 30328 | Orc:2    | Found a transporter.
 30329 | Orc:2    | Noticed Zeebu's ghost (journeyman MiFi)
 30444 | Orc:2    | Found a transporter.
 30496 | Orc:2    | Found Acrocafo's Antique Armour Boutique.
 30503 | Orc:2    | Bought a pair of glowing gloves for 210 gold pieces
 30503 | Orc:2    | Bought a dyed leather armour for 140 gold pieces
 30525 | Orc:2    | Found Hiamut's General Store.
 30532 | Orc:2    | Bought a scroll of blinking for 82 gold pieces
 30532 | Orc:2    | Bought a scroll of amnesia for 44 gold pieces
 30532 | Orc:2    | Bought a Trismegistus Codex for 308 gold pieces
 30536 | Orc:2    | Learned a level 3 spell: Ignite Poison
 30701 | Orc:2    | Found Jeakh's Jewellery Boutique.
 30901 | Shoals:1 | Entered Level 1 of the Shoals
 31183 | Shoals:1 | Identified the +7 hand axe of Disembowelment {drain, rPois
                  | rF+ Dex+4 Stlth-}
 31585 | Shoals:1 | Reached skill level 1 in Fire Magic
 33042 | Shoals:2 | Noticed a kraken
 33047 | Shoals:2 | Killed a kraken
 33171 | Shoals:2 | Noticed Louise
 33193 | Shoals:2 | Killed Louise
 34207 | Shoals:2 | Learned a level 5 spell: Borgnjor's Vile Clutch
 34420 | Shoals:3 | Reached skill level 10 in Earth Magic
 34424 | Shoals:3 | Reached skill level 1 in Necromancy
 35148 | Shoals:3 | Noticed a frost giant
 35161 | Shoals:3 | Killed a frost giant
 35694 | Shoals:3 | Noticed a frost giant
 35706 | Shoals:3 | Killed a frost giant
 36280 | Shoals:3 | Noticed a titan
 36298 | Shoals:3 | Killed a titan
 36456 | Shoals:3 | Noticed Polyphemus
 36464 | Shoals:3 | Reached skill level 10 in Spellcasting
 36470 | Shoals:3 | Reached skill level 14 in Fighting
 36612 | Shoals:3 | Noticed a kraken
 36619 | Shoals:3 | Killed a kraken
 36620 | Shoals:3 | Reached XP level 16. HP: 99/133 MP: 13/30
 36629 | Shoals:3 | Noticed Donald
 36651 | Shoals:3 | Killed Donald
 36872 | Shoals:3 | Killed Polyphemus
 37536 | Shoals:4 | Entered Level 4 of the Shoals
 37545 | Shoals:4 | Reached skill level 5 in Stealth
 37575 | Shoals:3 | Slain by an alligator snapping turtle

Illustrated notes

Levels and vault maps discovered:
D:1:      erik_arrival_blinker_ship, layout_rooms,
          shapermc_ecumenical_altar_hornbeckon, minmay_misc_feat_cross,
          minmay_gold_behind_fungi, minmay_tall_x
D:2:      layout_basic
D:3:      layout_loops_cross, nicolae_overflow_crystal_walls,
          mainiacjoe_overflow_chevrons, fedhas_altar_fruit_tree,
          nicolae_overflow_hidden_temple, lemuel_coloured_pillars_altar,
          portal_sewer_entry_e, uniq_ijyb
D:4:      layout_cave_pools, old_standard_altar, serial_shops,
          nicolae_diamond_shop, minmay_quadrilaterals, uniq_natasha,
          uniq_duvessa
D:5:      layout_gridville, uniq_eustachio, uniq_blork_the_orc, uniq_sigmund,
          uniq_prince_ribbit1
D:6:      layout_loops_ring, uniq_crazy_yiuf_cottage
D:7:      layout_cave_pods, mainiacjoe_overflow_alcove_2, led_sif_book,
          minmay_temple_entry_fiery
D:8:      minmay_slanted_spiral_squares, layout_loops_corners,
          kennysheep_slug_shrine, minmay_misc_feat_plants, water_maze_lemuel
D:9:      layout_basic, lightli_temple_of_fire, david_orc_2, serial_rivers,
          chequers_serial_rivers_micro_b, chequers_serial_rivers_large_a,
          chequers_serial_rivers_small_3, chequers_serial_rivers_marsh,
          chequers_serial_rivers_micro_b, minmay_misc_feat_four_crosses
D:10:     layout_cave_pods, doesnt_xom_only_xom, mainiacjoe_overflow_24_doors,
          nicolae_dithmenos_the_darkroom, david_lair_generic
D:11:     layout_basic
D:12:     layout_cave_pods, ashenzari_altar_1, uniq_maurice, uniq_psyche,
          uniq_gastronok
D:13:     layout_loops_ring, david_vaults_2, tso_metal_star
D:14:     layout_loops_ring
D:15:     hangedman_depths_entry_civil_slaughter, layout_basic,
          roderic_cross_of_infinity, serial_shops, shop_coins, jiyva_altar_1
Temple:   nicolae_temple_great_sept
Lair:1:   layout_roguey, dreamdust_gnoll_shepherd, grunt_megastairs_1
Lair:2:   layout_hall_layers, elwin_shoals_entry_rooms, st_stairs_12
Lair:3:   layout_regular_city, nicolae_spider_entry_orb_guardian
Lair:4:   layout_concentric_octagons, grunt_megastairs_5,
          infiniplex_staircase_pool
Lair:5:   gammafunk_lair_ancient_temple, layout_cave_pods,
          dpeg_slime_entry_enclosed, serial_bayou, serial_bayou_lagoon_b,
          serial_bayou_pond_e, serial_bayou_lake_a, serial_bayou_pond_d,
          serial_bayou_ford_a, serial_bayou_pond_b
Shoals:1: layout_shoals, nicolae_shoals_dead_sea_scrolls
Shoals:2: layout_shoals, nicolae_shoals_lost_giant_baths, uniq_louise
Shoals:3: cheibrodos_shoals_gigantism, layout_shoals, st_sunken_temple,
          uniq_polyphemus, uniq_donald
Shoals:4: shoals_end_grunt_ice, layout_shoals, gammafunk_ghost_cemetery
Orc:1:    layout_caves, serial_shops, shop
Orc:2:    grunt_orc_cross, layout_caves, gammafunk_ghost_berserking_beasts

Skill      XL: |  1  2  3  4  5  6  7  8  9 10 11 12 13 14 15 16 |
---------------+-------------------------------------------------+-----
Fighting       | 1 2 3 4 5 6 8 9 10 11 12 14 | 14.2
Earth Magic    | 3 4 5 6 7 8 9 10 | 10.2
Armour         | 1 2 3 4 5 6 7 8 9 |  9.3
Spellcasting   | 3 4 5 6 7 8 9 10 | 10.1
Stealth        | 2 3 4 5 |  5.0
Dodging        | 2 3 4 |  4.8
Shields        | 1 3 4 6 7 8 9 |  9.1
Conjurations   | 1 3 5 7 8 10 11 12 | 12.9
Transmutations | 2 3 |  3.0
Translocations | 1 3 |  3.0
Evocations     | 3 |  3.0
Poison Magic   | 2 3 |  3.0
Air Magic      | 2 3 |  3.0
Ice Magic      | 3 |  3.0
Fire Magic     | 3 |  3.0
Necromancy     | 3 4 |  4.0

Action                   |  1- 3 |  4- 6 |  7- 9 | 10-12 | 13-15 | 16-18 || total
-------------------------+-------+-------+-------+-------+-------+-------++-------
Melee: Short sword       |    32 |       |       |       |       |       ||    32
       Rapier            |     2 |    19 |       |       |       |       ||    21
       Hand axe          |       |    30 |     7 |       |    20 |       ||    57
       Whip              |       |       |    18 |       |       |       ||    18
       Tailslap          |       |       |    22 |    28 |    79 |    21 ||   150
       Punch             |       |       |     1 |       |       |       ||     1
       Dagger            |       |       |    72 |    96 |   328 |    68 ||   564
       Falchion          |       |       |       |       |     4 |       ||     4
       Trident           |       |       |       |       |     1 |       ||     1
 Cast: Sandblast         |    42 |    88 |    69 |   101 |    55 |     4 ||   359
       Stone Arrow       |       |     2 |    87 |   257 |   447 |     9 ||   802
       Passwall          |       |     1 |       |       |     1 |       ||     2
       Iskenderun's Myst |       |       |       |    28 |    73 |     8 ||   109
       Mephitic Cloud    |       |       |       |     6 |    58 |    13 ||    77
       Olgreb's Toxic Ra |       |       |       |       |    66 |     1 ||    67
       Freezing Cloud    |       |       |       |       |    21 |     3 ||    24
       Borgnjor's Vile C |       |       |       |       |    13 |     9 ||    22
       Ignite Poison     |       |       |       |       |     2 |       ||     2
Evoke: Wand              |       |     5 |     4 |    18 |     9 |     3 ||    39
       Condenser vane    |       |       |       |     1 |     2 |       ||     3
  Use: Scroll            |       |     7 |     2 |    18 |    20 |       ||    47
       Potion            |       |       |     5 |     1 |     2 |     4 ||    12
 Stab: Sleeping          |     2 |       |       |       |     2 |     1 ||     5
       Confused          |       |       |       |       |    26 |    11 ||    37
       Invisible         |       |       |       |       |       |     3 ||     3
Armor: Robe              |     6 |       |       |       |    66 |    22 ||    94
       Leather armour    |     1 |    54 |   116 |    72 |       |       ||   243
       Acid dragon scale |       |       |       |    70 |   154 |       ||   224
Dodge: Dodged            |    30 |    82 |    99 |   144 |   275 |    43 ||   673
Block: Buckler           |       |       |    17 |    34 |       |       ||    51
       Kite shield       |       |       |       |   103 |   357 |    48 ||   508
